Map: Radhuset Station LE

Players

Theawesomest

  • Race: Terran Terran
  • League: Platinum
  • Spawn Location: 7:00

Subwayeatn - Winner!

  • Race: Zerg Zerg
  • League: Diamond
  • Spawn Location: 1:00

VOD

Have the link to the VOD?

Description

Time

  • Played on: Nov. 15, 2023, 5:17 p.m.
  • Length: 13:05
Show
View Real Time Build Order
Export as new Build Order

Theawesomest Terran 

Build Orders: Reaper Expand 

Get SALT Encoding   

  12  0:00  SCV  
  13  0:12  SCV  
  14  0:17  Supply Depot  
  14  0:24  SCV  
  15  0:39  SCV  
  15  0:40  Barracks  
  16  0:48  Refinery  
  16  0:51  SCV  
  17  1:03  SCV  
  18  1:14  Supply Depot  
  18  1:15  SCV  
  19  1:28  Orbital Command  
  19  1:35  Reaper  
  19  1:37  Refinery  
  20  1:57  Command Center  
  20  2:04  SCV  
  20  2:07  Marine  
  22  2:14  Factory  
  22  2:17  SCV  
  23  2:49  SCV  
  23  2:50  Barracks Reactor  
  24  3:03  Starport  
  24  3:09  Orbital Command  
  25  3:20  Hellion  
  25  3:25  Marine  
  25  3:26  Marine  
  25  3:27  Orbital Command, SCV  
  28  3:35  Command Center  
  28  3:44  Bunker  
  28  3:47  Factory Tech Lab  
  28  3:52  Viking  
  30  3:56  Marine  
  30  3:57  Marine  
  32  4:15  Siege Tank  
  35  4:19  Orbital Command  
  35  4:25  Starport Reactor  
  35  4:30  Marine x2  
  37  4:38  Supply Depot  
  37  4:42  SCV  
  38  4:46  Engineering Bay x2  
  38  4:47  Siege Tank  
  38  4:48  Armory  
  38  4:52  Barracks  
  41  5:04  Supply Depot, SCV  
  44  5:07  Orbital Command  
  42  5:16  Terran Infantry Weapons Level 1  
  42  5:17  Barracks  
  42  5:20  Terran Infantry Armor Level 1  
  42  5:33  Supply Depot  
  42  5:46  Supply Depot, SCV x2  
  42  5:47  Marine  
  43  5:50  Supply Depot  
  43  5:54  Terran Vehicle Weapons Level 1  
  43  5:58  SCV x2  
  43  5:59  Barracks Tech Lab  
  43  6:02  Medivac  
  47  6:07  Siege Tank  
  47  6:08  Orbital Command  
  50  6:22  Barracks Tech Lab  
  50  6:23  Stimpack  
  50  6:29  Barracks  
  50  6:32  Refinery  
  50  6:39  SCV  
  52  6:40  SCV  
  52  6:45  SCV  
  52  6:46  Marine x2  
  52  6:47  Combat Shield  
  55  6:51  SCV  
  55  6:52  Barracks  
  56  7:03  Marine x2  
  56  7:04  Siege Tank  
  61  7:09  Marine  
  62  7:17  Refinery, Marine  
  62  7:19  SCV x2  
  62  7:20  SCV  
  62  7:21  Marine x2  
  68  7:24  Supply Depot  
  68  7:26  Supply Depot  
  68  7:27  Marine  
  68  7:28  Terran Infantry Weapons Level 2  
  69  7:34  SCV x2  
  71  7:38  SCV  
  71  7:42  Refinery, Barracks Reactor  
  72  7:46  SCV  
  73  7:51  Barracks Tech Lab  
  73  7:54  SCV x2  
  73  7:57  Terran Infantry Armor Level 2  
  75  7:58  SCV  
  75  8:04  Concussive Shells  
  76  8:06  Terran Vehicle And Ship Armor Level 1  
  76  8:07  SCV x2  
  76  8:11  Marine x3, SCV  
  84  8:13  Widow Mine  
  84  8:19  SCV x2  
  86  8:24  Supply Depot  
  86  8:26  Supply Depot  
  86  8:35  Medivac x2  
  86  8:37  Marine x2, Siege Tank  
  86  8:38  Marauder, Marine  
  98  8:43  Marine  
  98  8:44  Marauder, Marine  
  102  8:51  SCV x3  
  102  8:55  Marine x3  
  107  8:59  Marine  
  109  9:03  Refinery  
  109  9:05  Medivac  
  109  9:09  Marine x3  
  114  9:13  Marine x2  
  114  9:14  Marine  
  114  9:15  SCV  
  118  9:17  Marauder  
  121  9:24  SCV  
  121  9:27  Marauder  
  121  9:29  Marauder, Marine  
  121  9:30  Marine  
  121  9:31  Marine  
  128  9:35  Marine  
  129  9:38  Marauder  
  129  9:42  Supply Depot  
  131  9:47  Marine  
  131  9:48  Marine  
  133  10:03  Marine x2  
  133  10:04  Marauder x3  
  139  10:25  Marauder  
  139  10:28  Marauder  
  141  11:04  Command Center  
  141  11:15  Marauder, Viking x2, Marine x3, Thor  
  97  11:41  SCV x2  
  97  11:45  Viking  
  95  11:51  Marauder x2, Marine x2  
  95  11:52  Marine x3  
  92  11:55  Viking  
  92  11:58  Siege Tank  
  90  12:02  Factory  
  88  12:08  Marine  
  88  12:09  Marine  
  88  12:10  Marauder  
  88  12:15  Viking  
  94  12:17  Supply Depot  
  83  12:39  Marine  
  83  12:40  Marauder  
Show
View Real Time Build Order
Export as new Build Order

Subwayeatn Zerg - Winner!

Build Orders: Pool First, Brood Lord Corruptor 

Get SALT Encoding   

  12  0:00  Drone  
  13  0:16  Overlord  
  13  0:22  Drone  
  14  0:34  Drone x2  
  16  0:38  Drone  
  16  0:40  Extractor  
  16  0:50  Spawning Pool  
  16  0:54  Drone  
  16  1:17  Hatchery  
  15  1:22  Drone  
  16  1:27  Drone  
  17  1:39  Metabolic Boost  
  17  1:42  Zergling x2  
  17  1:46  Zergling x2  
  19  1:52  Drone  
  20  2:04  Queen  
  22  2:12  Overlord  
  22  2:30  Queen  
  22  2:33  Zergling x4  
  25  2:37  Zergling x2  
  25  2:45  Lair  
  25  2:51  Zergling x2  
  25  2:58  Drone x2  
  28  3:02  Drone  
  28  3:05  Drone  
  30  3:29  Hatchery  
  28  3:53  Drone x7  
  28  3:54  Baneling Nest  
  34  3:59  Overlord  
  34  4:05  Overlord  
  34  4:10  Drone  
  35  4:20  Drone x3  
  35  4:22  Spine Crawler  
  35  4:23  Drone  
  38  4:24  Drone  
  39  4:38  Spire  
  38  4:42  Drone x4  
  38  4:44  Drone  
  43  4:52  Drone x4  
  47  4:53  Drone  
  47  4:56  Overlord  
  48  5:06  Pneumatized Carapace  
  48  5:11  Extractor, Queen  
  48  5:13  Extractor  
  48  5:14  Queen  
  50  5:23  Overlord  
  50  5:24  Overlord x2  
  50  5:27  Centrifugal Hooks  
  50  5:30  Extractor  
  49  5:36  Overlord  
  49  5:42  Drone x9  
  58  5:43  Drone  
  59  5:50  Zergling x2  
  59  5:52  Zergling x2  
  59  5:56  Zerg Flyer Weapons Level 1  
  61  5:59  Drone  
  61  6:04  Drone x2  
  64  6:06  Drone  
  65  6:21  Drone x5  
  65  6:24  Extractor  
  69  6:27  Infestation Pit  
  69  6:32  Overseer  
  68  6:36  Drone x5  
  68  6:37  Drone x4  
  75  7:05  Extractor  
  74  7:09  Overlord x3  
  74  7:18  Overlord x2  
  74  7:24  Hatchery  
  74  7:28  Drone x3  
  76  7:34  Corruptor, Evolution Chamber  
  76  7:35  Corruptor x8  
  76  7:36  Evolution Chamber  
  92  7:44  Hive  
  92  7:47  Drone x2  
  92  7:48  Drone x2  
  92  7:50  Overseer  
  96  7:54  Overlord  
  96  7:55  Overlord  
  96  7:59  Drone x3  
  96  8:00  Drone x4  
  103  8:08  Drone x2  
  105  8:13  Drone x3  
  105  8:14  Drone x4  
  112  8:20  Zerg Melee Weapons Level 1  
  112  8:22  Zerg Ground Armor Level 1  
  112  8:31  Hatchery  
  111  8:37  Queen  
  111  8:39  Overseer  
  111  8:41  Overlord x2  
  113  8:42  Corruptor  
  113  8:43  Corruptor x5  
  125  8:50  Overlord x3  
  125  8:51  Overlord  
  125  8:55  Greater Spire  
  125  9:05  Zergling x2  
  125  9:09  Queen  
  126  9:12  Drone x2, Extractor  
  126  9:13  Drone x3, Extractor  
  126  9:14  Drone x3  
  126  9:16  Viper  
  134  9:19  Viper  
  140  9:38  Drone x2  
  142  9:42  Spore Crawler  
  142  9:43  Spore Crawler  
  142  9:44  Queen  
  142  9:48  Burrow  
  142  9:50  Corruptor x4  
  150  9:59  Drone x3  
  153  10:12  Hatchery  
  158  10:14  Brood Lord  
  156  10:29  Zergling x2  
  156  10:30  Zergling x42  
  162  10:42  Brood Lord x3  
  170  10:43  Brood Lord x3  
  170  10:46  Overlord x7  
  170  10:48  Baneling  
  170  10:49  Baneling x6  
  173  10:51  Baneling  
  169  11:06  Zergling x2  
  169  11:07  Zergling x28  
  144  11:44  Corruptor x6  
  144  11:45  Corruptor  
  158  11:51  Zergling x6  
  158  11:52  Zergling x14  
  166  11:57  Brood Lord  
  166  11:58  Brood Lord  
  168  12:01  Queen  
  169  12:15  Zergling x12  
  170  12:16  Zergling x8  
  170  12:21  Hatchery  
  178  12:27  Extractor  
  171  12:31  Zergling x2  
  171  12:32  Zergling x14  
Tags
 
Add a new tag
Caveats
  • Supply blocks, unpowered buildings, or Contaminate may cause inaccurate times.
  • Supply counts are checked every 10 seconds.